Map: 10000 Feet LE

Players

Tsunami - Winner!

  • Race: Zerg Zerg
  • Spawn Location: 5:00

ThePlague

  • Race: Terran Terran
  • League: Diamond
  • Spawn Location: 11:00

VOD

Have the link to the VOD?

Description

Time

  • Played on: Feb. 8, 2026, 7:31 p.m.
  • Length: 18:30
Show
View Real Time Build Order
Export as new Build Order

Tsunami Zerg - Winner!

Build Orders: Pool First 

Get SALT Encoding   

  12  0:00  Drone  
  13  0:08  Drone  
  14  0:16  Overlord  
  14  0:30  Extractor, Drone  
  14  0:35  Drone x2  
  16  0:48  Spawning Pool  
  15  0:54  Drone  
  15  0:55  Drone  
  17  1:04  Overlord  
  17  1:35  Metabolic Boost  
  17  1:36  Zergling x4  
  17  1:39  Queen  
  21  1:40  Zergling x2  
  22  1:57  Hatchery  
  22  2:01  Drone x2  
  23  2:09  Drone  
  24  2:16  Roach Warren  
  24  2:20  Drone  
  24  2:32  Drone  
  25  2:50  Drone x4  
  29  2:57  Overlord  
  29  3:09  Lair  
  29  3:10  Roach  
  31  3:17  Roach  
  33  3:23  Drone x2  
  35  3:29  Queen  
  35  3:32  Drone x4  
  41  3:36  Roach  
  43  3:42  Drone  
  43  3:47  Overlord  
  44  3:51  Spore Crawler  
  43  4:00  Spore Crawler  
  43  4:02  Drone x2  
  44  4:03  Overlord  
  44  4:06  Overseer  
  44  4:10  Queen  
  46  4:18  Roach  
  48  4:25  Hatchery  
  47  4:46  Roach x5  
  47  4:47  Zergling x6  
  47  4:51  Spore Crawler  
  59  5:02  Zergling x2  
  60  5:07  Spine Crawler  
  59  5:23  Drone  
  59  5:27  Overlord  
  60  5:34  Evolution Chamber  
  59  5:36  Overlord  
  59  5:39  Overlord, Hatchery  
  58  5:56  Drone x3  
  58  5:57  Drone x3  
  63  6:02  Zerg Ground Armor Level 1  
  64  6:04  Drone  
  64  6:05  Extractor, Drone x2  
  64  6:09  Baneling Nest  
  65  6:11  Drone x2  
  65  6:17  Extractor  
  66  6:19  Drone x3  
  63  6:42  Roach x5  
  70  6:56  Zergling x14  
  70  6:57  Zergling x2  
  78  7:02  Drone x3  
  78  7:08  Extractor  
  80  7:10  Drone x3  
  80  7:12  Drone x3  
  80  7:13  Drone x2  
  88  7:26  Spore Crawler  
  88  7:27  Spore Crawler  
  88  7:28  Centrifugal Hooks  
  86  7:34  Hatchery  
  85  7:43  Drone x3  
  88  7:45  Overlord  
  88  7:46  Evolution Chamber, Overlord  
  88  7:47  Overlord, Evolution Chamber  
  88  7:48  Overlord x2  
  86  7:57  Baneling x2  
  86  7:58  Baneling x13  
  86  7:59  Baneling  
  86  8:00  Drone x2  
  86  8:04  Drone x4  
  86  8:05  Drone  
  93  8:07  Drone  
  93  8:10  Roach  
  96  8:18  Overlord  
  96  8:20  Overlord  
  95  8:28  Zergling x2  
  95  8:29  Zergling x14  
  103  8:37  Zerg Missile Weapons Level 1  
  103  8:38  Zerg Melee Weapons Level 1  
  104  8:43  Zergling x6  
  104  8:44  Zergling x14  
  113  8:58  Zergling x4  
  113  8:59  Zergling x10  
  110  9:10  Zergling x2  
  110  9:11  Zergling x10  
  110  9:16  Overlord  
  116  9:17  Pneumatized Carapace  
  116  9:20  Baneling x10  
  116  9:22  Zergling x6  
  116  9:23  Hatchery  
  118  9:28  Hydralisk Den  
  117  9:34  Overlord  
  117  9:41  Drone x6  
  117  9:42  Drone x4  
  127  9:46  Baneling x2  
  127  9:47  Baneling x5  
  127  9:53  Zergling x8  
  124  10:10  Zergling x10  
  124  10:11  Zergling x10  
  119  10:32  Overlord  
  119  10:33  Overlord  
  119  10:36  Hydralisk  
  119  10:37  Hydralisk x7  
  119  10:38  Hydralisk x2  
  139  10:46  Overlord  
  140  10:50  Drone  
  140  10:56  Overseer  
  140  10:57  Hatchery, Overseer  
  139  10:58  Hatchery  
  132  11:15  Overlord x2  
  132  11:22  Overlord  
  132  11:23  Overlord  
  132  11:47  Muscular Augments  
  132  11:50  Baneling x4  
  132  11:51  Baneling x7  
  132  11:52  Baneling  
  132  11:56  Overlord  
  132  12:02  Baneling x5  
  132  12:03  Baneling x6  
  132  12:05  Overlord  
  132  12:06  Overlord x2, Hatchery  
  131  12:15  Spore Crawler  
  130  12:27  Overlord  
  130  12:30  Spine Crawler  
  130  12:32  Spine Crawler  
  111  12:47  Zergling x2  
  111  12:48  Zergling x56  
  124  12:51  Grooved Spines  
  124  12:55  Zergling x2  
  124  12:56  Zergling x6  
  124  13:12  Zergling x10  
  121  13:13  Zergling x8  
  107  13:22  Zergling x2  
  107  13:23  Zergling x8  
  107  13:24  Zerg Ground Armor Level 2, Zerg Missile Weapons Level 2, Zerg Melee Weapons Level 2  
  97  13:38  Baneling x4  
  97  13:40  Drone x2  
  97  13:41  Drone x6  
  102  13:42  Drone  
  102  13:46  Drone  
  102  13:47  Drone x3  
  110  13:51  Baneling x23  
  110  13:52  Baneling x2, Spine Crawler  
  110  13:53  Spine Crawler, Overlord  
  110  13:54  Spine Crawler  
  110  13:55  Spine Crawler  
  106  13:56  Overlord  
  106  13:57  Spine Crawler  
  105  14:05  Drone x2  
  105  14:06  Drone x5  
  112  14:13  Infestation Pit  
  111  14:19  Lurker Den  
  111  14:23  Hydralisk x3  
  114  14:24  Zergling x2  
  114  14:25  Zergling x8  
  114  14:27  Spire  
  120  14:32  Overlord x2  
  120  14:40  Overlord x2  
  107  14:53  Hydralisk x7  
  104  15:23  Zergling x28  
  104  15:24  Zergling x40  
  123  15:38  Zergling x8  
  123  15:39  Zergling x10  
  123  15:40  Zergling x2  
  133  15:43  Baneling x8  
  133  15:47  Overlord  
  133  15:49  Overlord x2  
  133  16:02  Corruptor x4  
  138  16:05  Extractor  
  138  16:08  Extractor  
  138  16:11  Extractor  
  135  16:12  Spore Crawler  
  135  16:13  Extractor  
  135  16:14  Spore Crawler  
  132  16:25  Drone x4  
  135  16:26  Drone x2  
  135  16:31  Overlord x2  
  138  16:34  Baneling x8  
  138  16:35  Baneling x4  
  138  16:42  Drone x2  
  140  16:59  Hive  
  140  17:00  Hatchery  
  139  17:05  Zergling x32  
  139  17:06  Zergling x24  
  159  17:41  Corruptor  
  159  17:42  Corruptor x6, Overlord  
  173  17:53  Overlord  
  173  17:55  Zergling x2  
  173  17:56  Corruptor x3, Zergling x22  
  191  18:01  Overseer x3  
  191  18:04  Overlord  
  191  18:05  Overlord  
  191  18:10  Drone x6  
  191  18:11  Drone x3  
Show
View Real Time Build Order
Export as new Build Order

ThePlague Terran 

Build Orders: Mech 

Get SALT Encoding   

  12  0:07  SCV  
  13  0:15  Supply Depot  
  13  0:23  SCV  
  14  0:38  Barracks  
  14  0:39  SCV  
  15  0:43  Refinery  
  15  0:51  SCV  
  16  1:01  Supply Depot  
  16  1:03  SCV  
  17  1:15  SCV  
  18  1:27  Orbital Command  
  18  1:28  Marine  
  19  1:45  Factory  
  19  1:46  Marine  
  20  1:52  SCV  
  21  2:00  Barracks  
  21  2:08  SCV  
  22  2:10  Barracks Reactor  
  22  2:26  Refinery  
  22  2:41  Starport  
  22  2:43  SCV  
  23  2:55  Factory Reactor  
  23  2:59  Barracks Tech Lab  
  23  3:01  SCV  
  23  3:04  Marine x2  
  26  3:13  SCV  
  26  3:14  Command Center  
  26  3:19  Stimpack  
  27  3:21  Marine  
  27  3:25  SCV  
  27  3:26  Supply Depot  
  29  3:42  Marine x2  
  29  3:48  Marine  
  32  3:51  Medivac  
  34  3:55  Medivac  
  34  4:00  Marine x2  
  38  4:05  Supply Depot  
  38  4:06  Marine  
  39  4:11  Hellion  
  39  4:13  SCV  
  42  4:18  Marine x2  
  42  4:23  Marine  
  45  4:25  SCV  
  45  4:31  Orbital Command  
  46  4:45  SCV  
  46  4:49  Hellion, Marine x3  
  51  4:57  Bunker, Orbital Command, SCV  
  52  5:09  SCV  
  51  5:22  SCV  
  52  5:30  Factory x2  
  52  5:34  SCV x2  
  52  5:35  Refinery  
  54  5:36  Marine  
  55  5:46  SCV x2  
  57  5:58  SCV  
  57  6:00  SCV  
  59  6:10  SCV, Supply Depot  
  60  6:12  SCV  
  60  6:15  Medivac x2  
  60  6:17  Factory Tech Lab x2  
  65  6:22  SCV  
  65  6:24  Engineering Bay, SCV  
  67  6:28  Supply Depot  
  65  6:34  SCV  
  65  6:35  Supply Depot  
  65  6:36  SCV  
  60  6:58  Siege Tank x2  
  66  7:05  Barracks, Medivac x2  
  66  7:06  Barracks  
  70  7:12  Factory Tech Lab  
  70  7:15  Marine x3  
  73  7:26  Barracks x2, Terran Infantry Weapons Level 1  
  73  7:31  Engineering Bay  
  73  7:33  Marine x3  
  73  7:35  SCV x2  
  78  7:39  Combat Shield  
  78  7:44  Hellion  
  78  7:47  SCV  
  78  7:50  Marine  
  78  7:51  Marine x2  
  83  7:53  SCV  
  83  7:57  Medivac  
  87  7:59  SCV  
  87  8:04  Engineering Bay  
  88  8:06  SCV  
  88  8:07  Armory  
  88  8:08  Terran Infantry Armor Level 1, Marine x2  
  88  8:09  Marine  
  88  8:11  SCV  
  93  8:14  Marine  
  94  8:25  Marine  
  94  9:02  Marine x5, Cyclone  
  92  9:03  Cyclone  
  92  9:04  Cyclone  
  81  9:19  Marine x4  
  81  9:20  Command Center, Marine  
  81  9:22  SCV x2  
  88  9:30  Barracks Tech Lab  
  88  9:31  Barracks Tech Lab  
  88  9:34  SCV x2, Hellion  
  88  9:35  Concussive Shells  
  88  9:36  Hellion  
  94  9:44  Supply Depot  
  94  9:45  Supply Depot  
  94  9:46  Supply Depot  
  94  9:55  SCV  
  94  9:57  Supply Depot  
  94  10:01  Marine x2  
  94  10:02  Marine x3, SCV  
  94  10:03  Marauder x2, Cyclone  
  75  10:19  Marine x2  
  75  10:20  Marine x2  
  75  10:21  Marauder  
  71  10:24  Marine x2  
  65  10:37  Marine x2  
  65  10:38  Marine x2  
  65  10:41  Marine  
  65  10:42  Marine x2  
  72  10:49  SCV  
  74  10:50  SCV  
  74  10:55  Marine x3  
  74  10:56  Marine  
  78  10:59  Marine x2  
  78  11:00  Marauder  
  78  11:01  SCV  
  76  11:18  Marauder x2  
  80  11:21  Marauder  
  80  11:22  Barracks Tech Lab x2  
  80  11:24  Marine x2  
  84  11:29  SCV x2  
  84  11:30  Bunker  
  86  11:34  Siege Tank  
  86  11:36  Drilling Claws  
  86  11:39  Terran Vehicle And Ship Armor Level 1, Marauder x2  
  93  11:42  Marine  
  93  11:43  Marauder, Terran Infantry Weapons Level 2  
  96  11:51  SCV x2  
  98  12:00  Marauder  
  98  12:01  Marauder  
  102  12:03  SCV x2  
  104  12:09  Missile Turret  
  104  12:15  SCV  
  105  12:23  Marauder x3, Marine x2  
  105  12:24  Marauder x2  
  117  12:41  Marine x2  
  119  12:44  Marine x3  
  119  12:45  Marauder x2  
  99  13:02  Marauder  
  81  13:20  Marine x6  
  81  13:23  Marine  
  64  13:38  Marine x6  
  64  13:41  Marine  
  67  13:56  Marine x6  
  67  13:59  Marine  
  74  14:08  Command Center  
  74  14:14  Marine, Marauder  
  74  14:15  Marauder  
  74  14:16  Marine  
  80  14:22  SCV x2  
  82  14:30  Bunker  
  82  14:34  SCV x2  
  84  14:42  Marine x2  
  84  14:43  Marine x3  
  84  14:44  Marine  
  90  14:46  SCV x2  
  76  14:55  Marauder  
  73  15:00  Marine  
  73  15:01  Marauder, SCV  
  73  15:02  Marauder, SCV  
  77  15:09  Marine x3  
  77  15:13  SCV  
  77  15:14  SCV  
  64  15:28  Marine, Marauder  
  64  15:29  Marine x2, Marauder x3  
  73  15:46  Marine x2  
  73  15:47  Marine  
  73  15:49  Marine x2  
  76  15:50  Supply Depot  
  76  15:52  Marine  
  58  16:13  SCV x3  
  58  16:18  Marauder  
  53  16:25  SCV  
  54  16:28  Siege Tank  
  57  16:49  Supply Depot  
  57  16:53  Bunker  
  57  16:55  Bunker  
  57  17:04  Missile Turret, Marine x3  
  57  17:05  Marine x4  
  58  17:22  Marine x7  
  41  17:27  SCV x2  
  49  17:39  SCV  
  49  17:40  Marine  
  51  18:09  Marine  
  51  18:10  Marine  
Tags
 
Composition
Mech
League
Diamond
Matchup
TvZ
Opening
Pool First
Spawn Locations
Cross Positions
Add a new tag
Caveats
  • Supply blocks, unpowered buildings, or Contaminate may cause inaccurate times.
  • Supply counts are checked every 10 seconds.